 Dungeon Crawl Stone Soup version 0.30-a0-924-g0ad0bf95bc (webtiles) character file.

Game seed: 8985409524028347412

113 cforsyth the Covered (level 5, -4/41 HPs)
             Began as a Human Fighter on Mar 23, 2023.
             Slain by Grinder (6 damage)
             ... on level 3 of the Dungeon.
             The game lasted 00:01:47 (1991 turns).

cforsyth the Covered (Human Fighter)                Turns: 1991, Time: 00:01:47

Health: -4/41      AC:  7    Str: 19    XL:     5   Next: 17%
Magic:  5/5        EV:  9    Int:  8    God:
Gold:   113        SH:  4    Dex: 12    Spells: 4/4 levels left

rFire   . . .      SeeInvis .    a - +0 flail
rCold   . . .      Faith    .    c - +0 buckler
rNeg    . . .      Spirit   .    b - +0 scale mail
rPois   .          Reflect  .    (no helmet)
rElec   .          Rampage  .    (no cloak)
rCorr   .                        (no gloves)
Will    .....                    (no boots) Stlth
                                 (no amulet)
HPRegen 0.26/turn                (no ring)
MPRegen 0.09/turn                (no ring)

@: no status effects
A: no striking features
a: no special abilities


You were on level 3 of the Dungeon.
You visited 1 branch of the dungeon, and saw 3 of its levels.

You collected 113 gold pieces.

Inventory:

Hand Weapons
 a - a +0 flail (weapon)
Armour
 b - a +0 scale mail (worn)
 c - a +0 buckler (worn)
Scrolls
 f - a scroll of enchant armour {unknown}
 g - a scroll of brand weapon {unknown}
 j - 4 scrolls of teleportation {unknown}
 k - 4 scrolls of identify {unknown}
 l - a scroll of noise {unknown}
 p - 2 scrolls of magic mapping {unknown}
Potions
 d - 2 potions of might
 e - 2 potions of invisibility {unknown}
 h - a potion of haste {unknown}
 i - 2 potions of flight {unknown}
 m - a potion of berserk rage {unknown}
 n - a potion of brilliance
 o - 2 potions of attraction {unknown}


   Skills:
 - Level 3.0 Fighting
 + Level 3.7 Maces & Flails
 + Level 4.3 Armour
 - Level 3.0 Shields


You had 4 spell levels left.
You didn't know any spells.
Your spell library contained the following spells:

 Spells                   Type           Power      Damage    Failure   Level
 Anguish                  Hex/Necr       0%         N/A       100%        4
 Enfeeble                 Hex            0%         N/A       100%        7


Dungeon Overview and Level Annotations

Branches:
Dungeon (3/15)

Altars:
Wu Jian

Shops:
D:2 :

Annotations:
D:3 Grinder


Message History

Grinder hits you.
You writhe in agony.
You hit Grinder.
Grinder is moderately wounded.
Grinder gestures at you. Pain shoots through your body!
Grinder hits you but does no damage.
You closely miss Grinder.
Grinder is moderately wounded.
Grinder gestures at you.
You suddenly lose the ability to move!
Grinder hits you but does no damage. Grinder hits you.
You writhe in agony.
* * * LOW HITPOINT WARNING * * *
Grinder gestures at you.
You shrug off the repeated paralysis!
You can move again.
Unknown command.
Unknown command.
Unknown command.
You sock Grinder!
Grinder is heavily wounded.
Grinder hits you.
* * * LOW HITPOINT WARNING * * *
You sock Grinder!
Grinder is severely wounded.
Grinder barely misses you.
You hit Grinder.
Grinder is almost dead.
Grinder hits you.
* * * LOW HITPOINT WARNING * * *
You writhe in agony.
* * * LOW HITPOINT WARNING * * *
Grinder gestures at you. You resist with significant effort.
You closely miss Grinder.
Grinder is almost dead.
Grinder barely misses you.
You hit Grinder.
Grinder is almost dead.
Grinder hits you.
You die...

#.#.. #.#.#
###.#.# #.#.#.##
#.#.(#.####..#
#.#.###......#
#..#.#.#####.#
#.#.#.##
###.###.@######.
..# ##.5......
###.###.########
#.#.## #..##
#..# #..# #..#
##### #.<# #####


You could see Grinder.

Vanquished Creatures
  Natasha (thrice) (D:2)
  A worm (D:2)
  A dart slug (D:1)
  5 ball pythons
  5 endoplasms (D:1)
  2 goblins
  4 hobgoblins
  4 bats
  5 kobolds
  4 rats
34 creatures vanquished.

Notes
Turn   | Place    | Note
-------+----------+-------------------------------------------
     0 | D:1      | cforsyth the Human Fighter began the quest for the Orb.
     0 | D:1      | Reached XP level 1. HP: 18/18 MP: 1/1
   102 | D:1      | Reached XP level 2. HP: 24/24 MP: 2/2
   351 | D:1      | Reached XP level 3. HP: 29/29 MP: 3/3
   813 | D:2      | Found an ornate altar of the Wu Jian Council.
   937 | D:2      | Noticed Natasha
   944 | D:2      | Killed Natasha
   945 | D:2      | Reached XP level 4. HP: 5/35 MP: 4/4
  1178 | D:2      | Noticed Natasha
  1188 | D:2      | Killed Natasha
  1189 | D:2      | Reached skill level 4 in Armour
  1345 | D:2      | Found Fanarhoi's Book Shop.
  1399 | D:2      | Noticed Natasha
  1405 | D:2      | Killed Natasha
  1406 | D:2      | Reached XP level 5. HP: 31/41 MP: 5/5
  1734 | D:3      | Noticed Grinder
  1744 | D:3      | Paralysed by Grinder for 4 turns
  1978 | D:3      | Paralysed by Grinder for 2 turns
  1983 | D:3      | Paralysed by Grinder for 4 turns
  1989 | D:3      | HP: 2/41 [Grinder (2)]
  1991 | D:3      | Slain by Grinder

Illustrated notes

Levels and vault maps discovered:
D:1:      matt_arrival_debris, layout_loops_ring, serial_rivers,
          chequers_serial_rivers_small_b, chequers_serial_rivers_room_a,
          chequers_serial_rivers_micro_e, chequers_serial_rivers_small_b,
          st_stairs_12, minmay_split_cup_small
D:2:      layout_loops_cross, basic_altar, serial_shops, nicolae_diamond_shop,
          uniq_natasha
D:3:      layout_loops_ring, nicolae_uskayaw_dance_hall, minmay_misc_feat_cross,
          uniq_grinder, uniq_jessica

Skill      XL: |  1  2  3  4 |
---------------+-------------+-----
Maces & Flails | 3 |  3.7
Armour         | 4 |  4.3
Fighting       | |  3.0
Shields        | |  3.0

Action                     |  1- 3 |  4- 6 || total
---------------------------+-------+-------++-------
  Melee: Flail             |    56 |    40 ||    96
 Armour: Scale mail        |    19 |    17 ||    36
  Dodge: Dodged            |    27 |    14 ||    41
  Block: Buckler           |    15 |     7 ||    22

Table legend: (Time is in decaauts)
 A = Elapsed time spent in this place.
 B = Non-inter-level travel time spent in this place.
 C = Inter-level travel time spent in this place.
 D = Time resting spent in this place.
 E = Time spent auto-exploring this place.
 F = Levels seen in this place.
 G = Mean time per level.
                   A        B        C        D        E       F      G
               +--------+--------+--------+--------+--------+-----+--------+
         Total |   2038 |   1992 |     46 |    200 |   1515 |   3 |  679.3 |
       Dungeon |   2038 |   1992 |     46 |    200 |   1515 |   3 |  679.3 |
               +--------+--------+--------+--------+--------+-----+--------+

Top non-repeatable levels by time:
     D:2: 1180 daAuts
     D:1: 768 daAuts
     D:3: 89 daAuts
